General information
- name: BIG FFA, Fast Host, JOIN NOW!!
- type: Custom game
- host: dering
- saver: mata.
map: DivideAndConquer
- players: 12
- length: 91:47
- speed: Fast
- version: 1.24 W3XP
- replay type:

» download(571 KB)
Players
team 1 (loser)

»
dering (
red | 43 APM | 1703 actions | 39:38)
5 Blademaster
3 Wind Walk
2 Critical Strike
» actions
| Assign group hotkey | 18 | |
| Basic commands | 44 | |
| Build / train | 62 | |
| ESC pressed | 2 | |
| Enter build submenu | 38 | |
| Enter hero's abilities submenu | 5 | |
| Give item / drop item | 2 | |
| Right click | 788 | |
| Select / deselect | 393 | |
| Select group hotkey | 236 | |
| Use ability | 115 | |
1703 total
» units
| Peon | 15 | |
| Wind Rider | 12 | |
| Shaman | 3 | |
| Troll Witch Doctor | 2 | |
32 total
» upgrades
| Ranged Weapons | 3 | |
| Envenomed Spears | 1 | |
| Shaman Training | 2 | |
| Witch Doctor Training | 2 | |
8 total
» buildings
| Orc Burrow | 11 | |
| Altar of Storms | 4 | |
| War Mill | 1 | |
| Voodoo Lounge | 1 | |
| Stronghold | 2 | |
| Watch Tower | 8 | |
| Beastiary | 2 | |
| Fortress | 1 | |
| Spirit Lodge | 2 | |
| Great Hall | 3 | |
| Tauren Totem | 2 | |
37 total
» build order
00:38 Orc Burrow
00:53 Altar of Storms
01:15 War Mill
01:34 Orc Burrow
02:01 Voodoo Lounge
02:43 Stronghold
02:44 Stronghold
03:01 Orc Burrow
03:09 Watch Tower
04:17 Orc Burrow
05:06 Beastiary
05:08 Beastiary
05:10 Fortress
09:43 Spirit Lodge
09:48 Spirit Lodge
11:44 Orc Burrow
11:47 Orc Burrow
11:51 Great Hall
15:59 Watch Tower
16:00 Watch Tower
16:04 Watch Tower
16:05 Watch Tower
20:32 Great Hall
22:54 Tauren Totem
22:56 Tauren Totem
23:28 Orc Burrow
23:33 Watch Tower
23:36 Watch Tower
24:47 Orc Burrow
24:49 Orc Burrow
24:51 Orc Burrow
27:10 Watch Tower
27:25 Altar of Storms
29:28 Great Hall
29:52 Altar of Storms
31:03 Orc Burrow
32:43 Altar of Storms
» items
| Healing Salve | 3 | |
| Lesser Clarity Potion | 4 | |
| Potion of Healing | 3 | |
| Scroll of Town Portal | 1 | |
| Orb of Lightning | 1 | |
| Staff of Teleportation | 1 | |
13 total
team 2 (loser)
lifeofasalesman (
yellow | 43 APM | 3563 actions | 82:47)
10 Death Knight
3 Death Coil
3 Unholy Aura
1 Animate Dead
3 Death Pact
9 Lich
3 Frost Nova
3 Frost Armor
1 Death and Decay
2 Dark Ritual
» actions
| Basic commands | 93 | |
| Build / train | 186 | |
| ESC pressed | 1 | |
| Enter build submenu | 60 | |
| Enter hero's abilities submenu | 19 | |
| Give item / drop item | 9 | |
| Remove unit from queue | 12 | |
| Right click | 1746 | |
| Select / deselect | 1142 | |
| Use ability | 291 | |
3563 total
» units
| Acolyte | 32 | |
| Ghoul | 7 | |
| Crypt Fiend | 13 | |
| Obsidian Statue | 7 | |
| Frost Wyrm | 7 | |
| Banshee | 7 | |
| Abomination | 1 | |
| Meatwagon | 1 | |
75 total
» upgrades
| Creature Attack | 3 | |
| Creature Carapace | 4 | |
| Web | 1 | |
| Burrow | 1 | |
| Destroyer Form | 1 | |
| Freezing Breath | 1 | |
| Cannibalize | 1 | |
| Backpack | 1 | |
| Unholy Strength | 3 | |
| Unholy Armor | 3 | |
| Exhume Corpses | 1 | |
| Disease Cloud | 1 | |
| Stone Form | 1 | |
| Ghoul Frenzy | 1 | |
| Necromancer Training | 1 | |
| Banshee Training | 2 | |
| Skeletal Longevity | 1 | |
| Skeletal Mastery | 2 | |
29 total
» buildings
| Crypt | 4 | |
| Graveyard | 3 | |
| Altar of Darkness | 6 | |
| Ziggurat | 39 | |
| Nerubian Tower | 4 | |
| Tomb of Relics | 4 | |
| Halls of the Dead | 3 | |
| Slaughterhouse | 2 | |
| Sacrificial Pit | 1 | |
| Black Citadel | 5 | |
| Spirit Tower | 9 | |
| Boneyard | 4 | |
| Necropolis | 8 | |
| Temple of the Damned | 1 | |
93 total
» build order
00:16 Crypt
00:19 Graveyard
00:46 Altar of Darkness
00:58 Ziggurat
01:30 Ziggurat
02:02 Nerubian Tower
02:49 Tomb of Relics
03:43 Halls of the Dead
04:17 Ziggurat
05:21 Ziggurat
06:07 Slaughterhouse
06:11 Sacrificial Pit
08:33 Black Citadel
08:40 Ziggurat
08:50 Spirit Tower
08:51 Spirit Tower
12:30 Boneyard
12:31 Boneyard
14:22 Necropolis
17:57 Ziggurat
17:58 Ziggurat
18:00 Ziggurat
18:01 Ziggurat
18:02 Ziggurat
18:03 Ziggurat
18:04 Ziggurat
18:05 Ziggurat
18:06 Ziggurat
19:04 Nerubian Tower
20:42 Necropolis
22:27 Spirit Tower
22:47 Spirit Tower
25:34 Necropolis
26:02 Ziggurat
26:06 Tomb of Relics
27:02 Spirit Tower
27:17 Nerubian Tower
31:36 Necropolis
35:49 Temple of the Damned
36:37 Boneyard
36:37 Boneyard
42:14 Ziggurat
42:15 Ziggurat
42:16 Ziggurat
42:16 Ziggurat
42:18 Ziggurat
42:19 Ziggurat
42:21 Ziggurat
42:22 Ziggurat
42:23 Ziggurat
42:24 Ziggurat
42:25 Ziggurat
42:26 Ziggurat
42:28 Ziggurat
42:28 Ziggurat
42:30 Ziggurat
42:30 Ziggurat
42:31 Ziggurat
42:33 Ziggurat
43:01 Graveyard
46:16 Necropolis
53:57 Altar of Darkness
55:42 Altar of Darkness
55:46 Halls of the Dead
57:43 Spirit Tower
60:31 Altar of Darkness
60:33 Halls of the Dead
60:34 Ziggurat
61:16 Crypt
61:22 Ziggurat
67:37 Slaughterhouse
70:01 Ziggurat
70:38 Black Citadel
70:38 Black Citadel
70:38 Black Citadel
72:06 Necropolis
73:05 Spirit Tower
74:15 Necropolis
74:17 Altar of Darkness
76:12 Necropolis
76:14 Altar of Darkness
76:16 Ziggurat
76:18 Crypt
76:21 Graveyard
76:24 Crypt
76:25 Tomb of Relics
77:11 Halls of the Dead
77:25 Nerubian Tower
77:32 Tomb of Relics
77:42 Ziggurat
78:38 Spirit Tower
78:53 Ziggurat
79:29 Halls of the Dead
79:37 Black Citadel
» items
| Rod of Necromancy | 1 | |
| Scroll of Town Portal | 9 | |
| Orb of Corruption | 1 | |
| Scroll of Healing | 6 | |
| Periapt of Vitality | 1 | |
| Scroll of Protection | 1 | |
| Circlet of Nobility | 1 | |
| Potion of Healing | 4 | |
| Potion of Mana | 1 | |
25 total
team 3 (loser)

»
Bluemonkey (
dark-green | 20 APM | 401 actions | 20:14)
1 Priestess of the Moon
1 Searing Arrows
» actions
| Basic commands | 22 | |
| Build / train | 35 | |
| Enter build submenu | 21 | |
| Enter hero's abilities submenu | 1 | |
| Right click | 135 | |
| Select / deselect | 163 | |
| Use ability | 24 | |
401 total
» units
» upgrades
| Strength of the Moon | 1 | |
| Moon Armor | 1 | |
| Ultravision | 1 | |
| Strength of the Wild | 1 | |
| Reinforced Hides | 1 | |
5 total
» buildings
| Moon Well | 5 | |
| Altar of Elders | 2 | |
| Ancient of War | 2 | |
| Hunter's Hall | 1 | |
| Ancient Protector | 3 | |
| Tree of Ages | 1 | |
| Ancient of Wonders | 1 | |
| Ancient of Lore | 1 | |
| Tree of Life | 1 | |
17 total
» build order
00:09 Moon Well
00:13 Altar of Elders
00:20 Ancient of War
02:24 Hunter's Hall
03:00 Moon Well
03:26 Moon Well
03:37 Ancient Protector
04:28 Moon Well
05:33 Moon Well
06:46 Ancient of War
08:30 Tree of Ages
09:52 Ancient of Wonders
11:49 Ancient of Lore
12:26 Ancient Protector
12:38 Ancient Protector
14:47 Tree of Life
17:31 Altar of Elders
team 4 (loser)
valyoung (
teal | 38 APM | 3509 actions | 91:47)
4 Dreadlord
2 Carrion Swarm
2 Vampiric Aura
2 Lich
1 Frost Nova
1 Dark Ritual
» actions
| Basic commands | 101 | |
| Build / train | 202 | |
| Enter build submenu | 145 | |
| Enter hero's abilities submenu | 7 | |
| Remove unit from queue | 8 | |
| Right click | 1899 | |
| Select / deselect | 943 | |
| Use ability | 204 | |
3509 total
» units
| Acolyte | 88 | |
| Ghoul | 37 | |
| Necromancer | 5 | |
| Meatwagon | 2 | |
| Obsidian Statue | 12 | |
144 total
» upgrades
| Unholy Strength | 2 | |
| Unholy Armor | 3 | |
| Cannibalize | 1 | |
| Necromancer Training | 1 | |
| Skeletal Longevity | 1 | |
| Exhume Corpses | 1 | |
| Creature Attack | 3 | |
| Creature Carapace | 3 | |
| Destroyer Form | 1 | |
| Ghoul Frenzy | 1 | |
17 total
» buildings
| Ziggurat | 19 | |
| Altar of Darkness | 4 | |
| Crypt | 8 | |
| Tomb of Relics | 4 | |
| Graveyard | 4 | |
| Halls of the Dead | 10 | |
| Temple of the Damned | 1 | |
| Slaughterhouse | 4 | |
| Black Citadel | 2 | |
| Spirit Tower | 5 | |
| Necropolis | 54 | |
| Sacrificial Pit | 1 | |
116 total
» build order
00:08 Ziggurat
00:10 Altar of Darkness
00:39 Crypt
01:19 Ziggurat
01:42 Tomb of Relics
02:20 Graveyard
03:48 Halls of the Dead
05:56 Ziggurat
05:59 Ziggurat
06:13 Temple of the Damned
07:11 Slaughterhouse
07:54 Ziggurat
10:28 Ziggurat
12:27 Black Citadel
13:17 Spirit Tower
14:31 Spirit Tower
14:51 Spirit Tower
16:13 Ziggurat
18:49 Necropolis
23:51 Altar of Darkness
23:53 Ziggurat
25:28 Necropolis
25:32 Crypt
25:44 Tomb of Relics
27:42 Ziggurat
28:09 Necropolis
28:49 Tomb of Relics
29:09 Halls of the Dead
30:19 Altar of Darkness
30:22 Ziggurat
30:25 Crypt
31:37 Necropolis
34:03 Necropolis
36:35 Necropolis
36:43 Necropolis
37:10 Crypt
43:14 Graveyard
43:41 Crypt
43:50 Ziggurat
44:54 Altar of Darkness
44:59 Halls of the Dead
45:48 Tomb of Relics
46:03 Ziggurat
47:52 Necropolis
48:01 Ziggurat
48:20 Halls of the Dead
50:31 Crypt
50:39 Graveyard
51:09 Slaughterhouse
51:12 Slaughterhouse
51:15 Black Citadel
52:00 Slaughterhouse
52:02 Ziggurat
52:05 Ziggurat
52:12 Ziggurat
52:17 Ziggurat
53:12 Spirit Tower
53:13 Spirit Tower
60:08 Sacrificial Pit
66:54 Ziggurat
67:22 Halls of the Dead
69:16 Necropolis
69:20 Necropolis
69:41 Necropolis
69:59 Necropolis
70:06 Necropolis
70:40 Necropolis
70:45 Necropolis
71:00 Necropolis
71:22 Necropolis
71:33 Necropolis
71:59 Necropolis
72:01 Necropolis
72:04 Necropolis
72:09 Necropolis
72:17 Necropolis
72:24 Necropolis
72:27 Necropolis
72:30 Necropolis
72:33 Necropolis
72:39 Necropolis
72:42 Necropolis
72:46 Necropolis
74:15 Halls of the Dead
74:16 Halls of the Dead
74:17 Halls of the Dead
74:19 Halls of the Dead
74:37 Necropolis
74:42 Graveyard
76:40 Necropolis
76:45 Necropolis
76:53 Necropolis
76:57 Necropolis
77:01 Necropolis
77:05 Necropolis
77:14 Necropolis
77:16 Necropolis
77:41 Halls of the Dead
78:19 Necropolis
78:34 Necropolis
79:12 Crypt
79:28 Necropolis
81:23 Necropolis
81:43 Necropolis
81:59 Necropolis
82:02 Necropolis
82:07 Necropolis
82:22 Necropolis
86:13 Necropolis
86:17 Ziggurat
86:44 Necropolis
87:58 Necropolis
88:10 Crypt
88:16 Necropolis
89:06 Necropolis
90:54 Necropolis
» items
| Rod of Necromancy | 2 | |
| Boots of Speed | 1 | |
| Circlet of Nobility | 1 | |
| Potion of Healing | 2 | |
| Orb of Corruption | 1 | |
7 total
team 5 (loser)
toady0s (
light-blue | 41 APM | 2761 actions | 66:36)
6 Blademaster
2 Wind Walk
3 Critical Strike
1 Bladestorm
4 Shadow Hunter
2 Healing Wave
2 Hex
5 Tauren Chieftain
3 Endurance Aura
2 War Stomp
» actions
| Assign group hotkey | 65 | |
| Basic commands | 314 | |
| Build / train | 112 | |
| Enter build submenu | 60 | |
| Enter hero's abilities submenu | 15 | |
| Give item / drop item | 3 | |
| Remove unit from queue | 6 | |
| Right click | 430 | |
| Select / deselect | 572 | |
| Select group hotkey | 1036 | |
| Use ability | 148 | |
2761 total
» units
| Peon | 10 | |
| Grunt | 7 | |
| Wind Rider | 12 | |
| Shaman | 9 | |
| Tauren | 9 | |
| Troll Witch Doctor | 7 | |
| Troll Batrider | 3 | |
| Spirit Walker | 3 | |
60 total
» upgrades
| Armor | 2 | |
| Ranged Weapons | 2 | |
| Spiked Barricades | 1 | |
| Berserker Strength | 1 | |
| Shaman Training | 2 | |
| Envenomed Spears | 1 | |
| Reinforced Defenses | 1 | |
| Witch Doctor Training | 2 | |
| Pulverize | 1 | |
| Melee Weapons | 1 | |
| Liquid Fire | 1 | |
| Spirit Walker Training | 2 | |
17 total
» buildings
| Altar of Storms | 2 | |
| Orc Burrow | 14 | |
| Barracks | 2 | |
| War Mill | 2 | |
| Voodoo Lounge | 2 | |
| Watch Tower | 12 | |
| Stronghold | 2 | |
| Beastiary | 4 | |
| Spirit Lodge | 2 | |
| Fortress | 2 | |
| Tauren Totem | 2 | |
| Great Hall | 4 | |
50 total
» build order
00:03 Altar of Storms
00:08 Orc Burrow
00:43 Barracks
01:37 War Mill
02:08 Orc Burrow
03:09 Voodoo Lounge
03:19 Watch Tower
03:39 Orc Burrow
04:21 Watch Tower
04:38 Stronghold
05:23 Watch Tower
06:23 Orc Burrow
07:41 Beastiary
07:47 Watch Tower
07:53 Beastiary
09:37 Spirit Lodge
12:27 Orc Burrow
13:06 Fortress
13:11 Orc Burrow
15:36 Orc Burrow
17:54 Tauren Totem
23:19 Watch Tower
23:21 Watch Tower
27:27 Great Hall
28:35 War Mill
30:11 Watch Tower
30:41 Stronghold
30:46 Watch Tower
30:56 Voodoo Lounge
31:02 Orc Burrow
31:04 Orc Burrow
32:16 Altar of Storms
32:25 Watch Tower
32:29 Orc Burrow
33:07 Spirit Lodge
33:13 Beastiary
33:21 Beastiary
33:29 Fortress
34:10 Watch Tower
36:36 Watch Tower
37:36 Orc Burrow
38:13 Orc Burrow
38:16 Orc Burrow
43:20 Tauren Totem
44:59 Orc Burrow
47:15 Great Hall
49:50 Watch Tower
56:53 Great Hall
57:26 Barracks
58:45 Great Hall
» items
| Healing Salve | 3 | |
| Lesser Clarity Potion | 3 | |
| Orb of Lightning | 2 | |
| Periapt of Vitality | 1 | |
9 total
team 6 (loser)
Archirer (
gray | 35 APM | 757 actions | 21:38)
2 Death Knight
1 Unholy Aura
1 Death Coil
3 Dreadlord
1 Vampiric Aura
2 Carrion Swarm
» actions
| Basic commands | 24 | |
| Build / train | 58 | |
| Enter build submenu | 31 | |
| Enter hero's abilities submenu | 4 | |
| Give item / drop item | 1 | |
| Remove unit from queue | 2 | |
| Right click | 301 | |
| Select / deselect | 312 | |
| Use ability | 24 | |
757 total
» units
| Acolyte | 12 | |
| Ghoul | 10 | |
| Frost Wyrm | 12 | |
34 total
» upgrades
| Creature Carapace | 3 | |
| Creature Attack | 3 | |
| Freezing Breath | 1 | |
7 total
» buildings
| Crypt | 1 | |
| Altar of Darkness | 1 | |
| Ziggurat | 12 | |
| Graveyard | 1 | |
| Halls of the Dead | 1 | |
| Spirit Tower | 5 | |
| Black Citadel | 2 | |
| Sacrificial Pit | 1 | |
| Boneyard | 2 | |
26 total
» build order
00:10 Crypt
00:27 Altar of Darkness
00:48 Ziggurat
01:14 Graveyard
01:49 Ziggurat
02:47 Halls of the Dead
03:09 Spirit Tower
05:15 Ziggurat
05:26 Black Citadel
05:27 Black Citadel
05:51 Ziggurat
06:02 Ziggurat
06:21 Ziggurat
07:03 Sacrificial Pit
08:18 Boneyard
08:57 Spirit Tower
12:22 Boneyard
12:58 Spirit Tower
13:52 Ziggurat
14:08 Ziggurat
14:39 Ziggurat
14:44 Ziggurat
14:48 Spirit Tower
16:35 Spirit Tower
19:59 Ziggurat
20:02 Ziggurat
team 7 (loser)
Micecream (
brown | 36 APM | 2400 actions | 65:53)
9 Blademaster
3 Wind Walk
3 Critical Strike
1 Bladestorm
2 Mirror Image
» actions
| Assign group hotkey | 16 | |
| Basic commands | 8 | |
| Build / train | 99 | |
| ESC pressed | 4 | |
| Enter build submenu | 44 | |
| Enter hero's abilities submenu | 9 | |
| Give item / drop item | 2 | |
| Remove unit from queue | 5 | |
| Right click | 1359 | |
| Select / deselect | 592 | |
| Select group hotkey | 20 | |
| Use ability | 242 | |
2400 total
» units
| Peon | 11 | |
| Grunt | 8 | |
| Troll Batrider | 29 | |
| Wind Rider | 15 | |
63 total
» upgrades
| Envenomed Spears | 1 | |
| Liquid Fire | 1 | |
| Pillage | 1 | |
3 total
» buildings
| Altar of Storms | 4 | |
| Orc Burrow | 9 | |
| Barracks | 1 | |
| War Mill | 1 | |
| Stronghold | 2 | |
| Watch Tower | 18 | |
| Voodoo Lounge | 2 | |
| Beastiary | 2 | |
| Fortress | 1 | |
| Great Hall | 1 | |
41 total
» build order
00:07 Altar of Storms
00:11 Orc Burrow
00:30 Barracks
01:20 War Mill
03:19 Stronghold
03:40 Orc Burrow
03:43 Watch Tower
03:46 Watch Tower
04:24 Orc Burrow
05:04 Voodoo Lounge
05:12 Watch Tower
05:59 Stronghold
06:27 Watch Tower
07:20 Watch Tower
07:40 Watch Tower
07:45 Watch Tower
08:31 Beastiary
08:52 Orc Burrow
10:03 Beastiary
11:15 Fortress
11:31 Orc Burrow
12:26 Orc Burrow
14:09 Orc Burrow
14:51 Watch Tower
14:53 Watch Tower
14:58 Watch Tower
15:01 Watch Tower
20:42 Watch Tower
24:32 Watch Tower
24:34 Watch Tower
24:38 Watch Tower
24:41 Watch Tower
38:35 Great Hall
44:41 Voodoo Lounge
45:04 Watch Tower
45:05 Watch Tower
48:52 Orc Burrow
48:55 Orc Burrow
63:58 Altar of Storms
64:49 Altar of Storms
65:06 Altar of Storms
» items
| Healing Salve | 7 | |
| Lesser Clarity Potion | 3 | |
| Orb of Lightning | 1 | |
| Boots of Speed | 1 | |
| Potion of Lesser Invulnerability | 3 | |
15 total
team 8 (winner)

»
mata. (
orange | 160 APM | 14697 actions | 91:47)
10 Death Knight
3 Death Coil
3 Unholy Aura
1 Animate Dead
3 Death Pact
10 Lich
3 Frost Nova
3 Frost Armor
1 Death and Decay
3 Dark Ritual
9 Dreadlord
2 Sleep
3 Carrion Swarm
1 Inferno
3 Vampiric Aura
» actions
| Assign group hotkey | 705 | |
| Basic commands | 550 | |
| Build / train | 196 | |
| Enter build submenu | 62 | |
| Enter hero's abilities submenu | 30 | |
| Give item / drop item | 9 | |
| Remove unit from queue | 16 | |
| Right click | 6408 | |
| Select / deselect | 2703 | |
| Select group hotkey | 3674 | |
| Use ability | 344 | |
14697 total
» units
| Acolyte | 20 | |
| Ghoul | 7 | |
| Crypt Fiend | 11 | |
| Obsidian Statue | 6 | |
| Frost Wyrm | 4 | |
| Banshee | 2 | |
| Gargoyle | 8 | |
| Meatwagon | 2 | |
60 total
» upgrades
| Web | 1 | |
| Creature Attack | 3 | |
| Creature Carapace | 3 | |
| Banshee Training | 2 | |
| Burrow | 1 | |
| Destroyer Form | 1 | |
| Freezing Breath | 1 | |
| Unholy Strength | 3 | |
| Unholy Armor | 2 | |
| Ghoul Frenzy | 1 | |
18 total
» buildings
| Crypt | 2 | |
| Altar of Darkness | 1 | |
| Ziggurat | 6 | |
| Tomb of Relics | 1 | |
| Graveyard | 1 | |
| Nerubian Tower | 2 | |
| Spirit Tower | 8 | |
| Halls of the Dead | 1 | |
| Necropolis | 9 | |
| Black Citadel | 2 | |
| Slaughterhouse | 1 | |
| Sacrificial Pit | 1 | |
| Temple of the Damned | 1 | |
| Boneyard | 5 | |
41 total
» build order
00:05 Crypt
00:11 Altar of Darkness
00:23 Ziggurat
01:08 Tomb of Relics
01:22 Ziggurat
02:44 Graveyard
03:34 Ziggurat
03:37 Nerubian Tower
03:37 Nerubian Tower
04:23 Spirit Tower
04:24 Spirit Tower
05:01 Halls of the Dead
06:43 Necropolis
07:50 Necropolis
09:41 Spirit Tower
10:42 Black Citadel
10:49 Slaughterhouse
10:52 Sacrificial Pit
10:54 Temple of the Damned
11:48 Ziggurat
11:49 Ziggurat
11:50 Ziggurat
12:51 Spirit Tower
13:29 Crypt
17:15 Boneyard
17:16 Boneyard
17:18 Boneyard
22:28 Necropolis
22:31 Necropolis
32:20 Necropolis
49:15 Boneyard
49:17 Boneyard
55:55 Necropolis
55:59 Necropolis
56:34 Necropolis
61:15 Necropolis
» items
| Rod of Necromancy | 4 | |
| Dust of Appearance | 4 | |
| Scroll of Town Portal | 4 | |
| Potion of Healing | 3 | |
| Sacrificial Skull | 1 | |
| Potion of Mana | 1 | |
| Orb of Corruption | 2 | |
| Circlet of Nobility | 2 | |
| Periapt of Vitality | 2 | |
| Boots of Speed | 1 | |
| Scroll of Healing | 2 | |
26 total
team 9 (loser)

»
smatson113 (
blue | 68 APM | 1665 actions | 24:22)
8 Dreadlord
3 Sleep
3 Vampiric Aura
1 Inferno
1 Carrion Swarm
1 Lich
1 Frost Nova
3 Death Knight
2 Death Coil
1 Unholy Aura
» actions
| Assign group hotkey | 69 | |
| Basic commands | 100 | |
| Build / train | 89 | |
| ESC pressed | 1 | |
| Enter build submenu | 18 | |
| Enter hero's abilities submenu | 12 | |
| Give item / drop item | 3 | |
| Remove unit from queue | 5 | |
| Right click | 392 | |
| Select / deselect | 327 | |
| Select group hotkey | 558 | |
| Use ability | 91 | |
1665 total
» units
| Acolyte | 10 | |
| Ghoul | 20 | |
| Necromancer | 6 | |
| Obsidian Statue | 4 | |
| Crypt Fiend | 10 | |
50 total
» upgrades
| Unholy Strength | 2 | |
| Unholy Armor | 2 | |
| Necromancer Training | 2 | |
| Skeletal Longevity | 1 | |
| Ghoul Frenzy | 1 | |
| Skeletal Mastery | 1 | |
| Destroyer Form | 1 | |
| Web | 1 | |
11 total
» buildings
| Crypt | 1 | |
| Ziggurat | 7 | |
| Altar of Darkness | 1 | |
| Graveyard | 1 | |
| Halls of the Dead | 1 | |
| Tomb of Relics | 1 | |
| Spirit Tower | 1 | |
| Temple of the Damned | 1 | |
| Black Citadel | 1 | |
| Slaughterhouse | 1 | |
| Sacrificial Pit | 1 | |
17 total
» build order
00:12 Crypt
00:15 Ziggurat
00:33 Altar of Darkness
01:05 Graveyard
01:40 Ziggurat
02:58 Halls of the Dead
03:27 Tomb of Relics
04:15 Ziggurat
04:19 Ziggurat
05:11 Spirit Tower
06:00 Temple of the Damned
06:38 Ziggurat
07:35 Black Citadel
07:57 Slaughterhouse
08:50 Sacrificial Pit
08:55 Ziggurat
12:28 Ziggurat
» items
| Rod of Necromancy | 1 | |
| Orb of Corruption | 1 | |
| Scroll of Town Portal | 1 | |
| Potion of Healing | 1 | |
4 total
team 10 (loser)
EsV_LaV (
purple | 39 APM | 1701 actions | 44:07)
4 Mountain King
2 Storm Bolt
2 Bash
3 Paladin
1 Holy Light
1 Divine Shield
1 Devotion Aura
1 Archmage
1 Summon Water Elemental
» actions
| Basic commands | 4 | |
| Build / train | 107 | |
| Enter build submenu | 43 | |
| Enter hero's abilities submenu | 9 | |
| Remove unit from queue | 2 | |
| Right click | 826 | |
| Select / deselect | 604 | |
| Use ability | 106 | |
1701 total
» units
| Peasant | 14 | |
| Footman | 5 | |
| Rifleman | 12 | |
| Sorceress | 9 | |
| Mortar Team | 1 | |
| Siege Engine | 6 | |
| Knight | 5 | |
| Priest | 1 | |
| Spell Breaker | 3 | |
56 total
» upgrades
| Masonry | 1 | |
| Sorceress Training | 1 | |
| Long Rifles | 1 | |
| Gunpowder | 2 | |
| Armor | 1 | |
| Magic Sentry | 1 | |
| Barrage | 1 | |
| Plating | 1 | |
| Swords | 1 | |
10 total
» buildings
| Altar of Kings | 2 | |
| Farm | 13 | |
| Lumber Mill | 1 | |
| Barracks | 2 | |
| Scout Tower | 14 | |
| Arcane Vault | 1 | |
| Guard Tower | 11 | |
| Arcane Tower | 2 | |
| Keep | 1 | |
| Blacksmith | 1 | |
| Arcane Sanctum | 2 | |
| Workshop | 2 | |
| Castle | 1 | |
| Town Hall | 1 | |
54 total
» build order
00:09 Altar of Kings
00:12 Farm
00:25 Lumber Mill
00:52 Barracks
01:11 Farm
01:54 Scout Tower
02:04 Farm
02:39 Arcane Vault
02:41 Guard Tower
02:51 Farm
03:29 Scout Tower
04:25 Scout Tower
04:28 Arcane Tower
04:33 Keep
04:51 Scout Tower
04:56 Farm
04:57 Guard Tower
06:03 Farm
06:07 Guard Tower
06:29 Blacksmith
06:37 Farm
06:59 Scout Tower
07:16 Arcane Sanctum
07:25 Arcane Sanctum
07:27 Guard Tower
07:38 Farm
08:22 Farm
08:44 Barracks
09:05 Scout Tower
09:50 Guard Tower
09:55 Farm
10:08 Farm
10:20 Workshop
11:06 Farm
11:10 Farm
12:21 Scout Tower
13:02 Arcane Tower
14:24 Castle
14:49 Workshop
16:16 Town Hall
16:51 Scout Tower
16:55 Scout Tower
18:20 Guard Tower
18:22 Guard Tower
21:54 Scout Tower
22:28 Scout Tower
22:29 Guard Tower
23:21 Guard Tower
24:31 Scout Tower
25:07 Guard Tower
28:37 Scout Tower
29:32 Guard Tower
29:34 Scout Tower
36:09 Altar of Kings
» items
| Scroll of Regeneration | 5 | |
| Lesser Clarity Potion | 2 | |
| Orb of Fire | 2 | |
| Scroll of Town Portal | 2 | |
| Potion of Healing | 2 | |
13 total
team 11 (loser)
f_dofe (
green | 41 APM | 971 actions | 23:43)
1 Blademaster
1 Mirror Image
» actions
| Assign group hotkey | 3 | |
| Basic commands | 9 | |
| Build / train | 33 | |
| Enter build submenu | 22 | |
| Enter hero's abilities submenu | 2 | |
| Remove unit from queue | 3 | |
| Right click | 578 | |
| Select / deselect | 212 | |
| Use ability | 109 | |
971 total
» units
| Peon | 21 | |
| Grunt | 6 | |
| Troll Headhunter/Berserker | 2 | |
29 total
» upgrades
» buildings
| Altar of Storms | 1 | |
| Orc Burrow | 15 | |
| Barracks | 1 | |
| War Mill | 3 | |
| Watch Tower | 2 | |
| Stronghold | 0 | |
22 total
» build order
00:19 Altar of Storms
00:28 Orc Burrow
01:06 Barracks
02:10 Orc Burrow
03:08 Orc Burrow
03:09 Orc Burrow
03:17 Orc Burrow
03:57 War Mill
04:20 Orc Burrow
04:30 Orc Burrow
05:28 Orc Burrow
11:22 Orc Burrow
11:26 Orc Burrow
11:57 Orc Burrow
12:00 Orc Burrow
12:54 Orc Burrow
13:48 Orc Burrow
13:51 Orc Burrow
14:00 War Mill
15:38 Watch Tower
15:42 Watch Tower
16:52 Stronghold
19:20 War Mill
team 12 (loser)

»
Marti88[eA] (
pink | 102 APM | 969 actions | 09:31)
3 Blademaster
2 Wind Walk
1 Critical Strike
1 Tauren Chieftain
1 Shockwave
» actions
| Assign group hotkey | 42 | |
| Basic commands | 36 | |
| Build / train | 34 | |
| Enter build submenu | 8 | |
| Enter hero's abilities submenu | 4 | |
| Right click | 523 | |
| Select / deselect | 160 | |
| Select group hotkey | 124 | |
| Use ability | 38 | |
969 total
» units
» buildings
| Altar of Storms | 1 | |
| Orc Burrow | 3 | |
| Barracks | 1 | |
| Voodoo Lounge | 1 | |
| Stronghold | 1 | |
| War Mill | 1 | |
| Fortress | 1 | |
| Beastiary | 1 | |
10 total
» build order
00:08 Altar of Storms
00:19 Orc Burrow
00:49 Barracks
01:33 Orc Burrow
01:48 Voodoo Lounge
03:27 Stronghold
04:16 Orc Burrow
05:09 War Mill
05:59 Fortress
06:31 Beastiary
» items
| Healing Salve | 2 | |
| Lesser Clarity Potion | 1 | |
| Scroll of Speed | 1 | |
| Dust of Appearance | 1 | |
| Boots of Speed | 1 | |
| Orb of Lightning | 1 | |
| Potion of Healing | 1 | |
| Potion of Mana | 2 | |
10 total
Chat log
(00:05 / All) Marti88[eA]: no obs on defeat?
(00:05 / All) Marti88[eA]: lame
(00:53 / All) Micecream: god damn him. . .
(00:56 / All) Bluemonkey: it's been like that all day
(00:58 / All) Micecream: take it outside buddy
(01:23 / All) toady0s: was i the only lagger?
(01:27 / All) valyoung: yes
(01:33 / All) Micecream: yes sir u lagged like a nooby
(01:42 / All) toady0s: weird
(01:45 / All) toady0s: never happens
(01:49 / All) lifeofasalesman: micecream, however, was the last one to dl
(01:56 / All) lifeofasalesman: so he doesnt have much room to talk =)
(01:57 / All) valyoung: indeed
(02:01 / All) valyoung: i blame micecream
(02:02 / All) Micecream: stfu I was takin a dump
(02:04 / All) valyoung: for all worldly problems
(02:09 / All) lifeofasalesman: sooo u were taking a dumb
(02:13 / All) lifeofasalesman: so ur dl was slow?
(02:14 / All) lifeofasalesman: x.x
(02:16 / All) Micecream: DUMP
(02:27 / All) valyoung: meh i can see his logic
(02:33 / All) lifeofasalesman: lol
(02:33 / All) valyoung: he was taking a dump so he loaded slower
(02:33 / All) lifeofasalesman: xD
(02:36 / All) lifeofasalesman: oh yea
(02:37 / All) valyoung: seems obvious enough to me
(02:39 / All) lifeofasalesman: now its all clear
(02:41 / All) lifeofasalesman: DUHHHHH
(03:06 / All) Micecream: BASTARD
(03:23 / All) toady0s: <3
(04:39 / All) Micecream: omgf
(05:13 / All) mata.: great, nothing but a bunch of orcs in my corner
(05:19 / All) Marti88[eA]: gurl pleez
(05:28 / All) lifeofasalesman: lol i got a noob orc in my corner
(05:32 / All) mata.: i got 2
(05:33 / All) lifeofasalesman: got mirror image first
(06:52 / All) Micecream: OMG hackz
(07:12 / All) Micecream: he thru somethin up and could see my bm
(07:15 / All) Micecream: hackz
(07:23 / All) valyoung: clearly
(07:43 / All) Bluemonkey: you buy it at a creey shop duuhhhh
(10:45 / All) lifeofasalesman: rofl dg
(10:59 / All) lifeofasalesman: i dont believe i lost a unit
(11:43 / All) mata.: lotta wyv red!!!
(15:53 / All) lifeofasalesman: 1 down
(16:40 / All) mata.: red bit off a little more than he could chew, now he's probably going to harass me all game
(18:23 / All) Bluemonkey: wow yellow now your just going to be a dick
(18:30 / All) lifeofasalesman: uhm please leave
(18:31 / All) lifeofasalesman: lol
(18:39 / All) Bluemonkey: no
(19:24 / All) lifeofasalesman: 2 down
(19:57 / All) Bluemonkey: it people like yellow that take the fun out of games
(20:04 / All) mata.: really
(20:05 / All) lifeofasalesman: games are for winning bro
(20:09 / All) lifeofasalesman: =/
(20:13 / All) lifeofasalesman: bye
(20:27 / All) mata.: red think about what you're doing
(20:29 / All) mata.: before you attack me again
(20:31 / All) toady0s: what did you do to that poor boy
(20:46 / All) mata.: fine
(20:48 / All) mata.: have it your way red
(23:02 / All) mata.: not up here teal!!!
(23:17 / All) valyoung: your wierd
(23:28 / All) mata.: i lay down the law
(23:36 / All) valyoung: heh you kill innocent acolytes
(23:40 / All) valyoung: bully
(23:41 / All) mata.: there are no innocents
(26:52 / All) mata.: dont rebuild in this corner red
(26:55 / All) toady0s: lol
(27:01 / All) mata.: and dont come back or ill elim you
(27:18 / All) toady0s: purple
(27:19 / All) toady0s: fuck you
(27:20 / All) mata.: yeah ok fine i'll kill all your buildings if that's what you want
(27:25 / All) valyoung: so mean yellow
(27:25 / All) EsV_LaV: ur faoult
(27:29 / All) lifeofasalesman: =/
(27:33 / All) toady0s: i know, but still
(27:35 / All) toady0s: fuck you
(31:14 / All) mata.: hope i didnt interrupt anything
(31:45 / All) toady0s: naaaaargghghgh
(31:56 / All) toady0s: zomg
(32:39 / All) EsV_LaV: gay
(32:45 / All) toady0s: get him
(32:49 / All) toady0s: kill him
(32:57 / All) toady0s: tanks are gay
(32:59 / All) toady0s: you queer
(34:35 / All) toady0s: back off purp
(34:55 / All) toady0s: lol u like my spikes
(34:56 / All) mata.: sorry dudes but i need my lebensraum
(35:16 / All) toady0s: doooom
(35:21 / All) valyoung: dude yellow get off my back
(35:26 / All) valyoung: im just trying to make a living here
(35:30 / All) lifeofasalesman: dont tell me tell the shade O.o
(35:35 / All) Micecream: i gotta pillage with peons for money
(35:58 / All) toady0s: back off oj
(36:02 / All) toady0s: or i'll bat you
(36:08 / All) mata.: hmmm
(36:22 / All) mata.: just needed to know how much was in the mien
(36:41 / All) mata.: dont harass my shit and i won't come for you
(36:51 / All) toady0s: deal
(36:55 / All) EsV_LaV: lol
(36:56 / All) Micecream: deal
(37:40 / All) mata.: i woulda offered you the same red
(37:49 / All) mata.: but i already did
(38:00 / All) toady0s: wtf yellow
(38:01 / All) toady0s: not cool
(38:03 / All) lifeofasalesman: >.>
(38:21 / All) toady0s: alright i'm pumping bats
(38:28 / All) toady0s: i'm sick of you mass air bastards
(39:02 / All) EsV_LaV: light blue is just mad, cause he fucked with me and i took him out with my tanks
(39:03 / All) mata.: whoever kills red
(39:05 / All) mata.: i'll give you 3x ud orb
(39:09 / All) mata.: (the best orb)
(39:42 / All) mata.: nevermind, got him myself
(39:55 / All) mata.: who is in the lead atm
(40:03 / All) valyoung: prob yellow
(40:07 / All) Micecream: def
(40:07 / All) EsV_LaV: yellow
(40:07 / All) toady0s: yeah
(41:01 / All) mata.: ehhh fuck it gl purple
(41:21 / All) mata.: you have it hard enough ~~
(42:05 / All) valyoung: dude orange dont be like that
(42:12 / All) valyoung: ty
(42:18 / All) mata.: chill just had to buy some items
(42:22 / All) valyoung: :D
(42:30 / All) valyoung: errrr
(42:33 / All) mata.: you got loads of bases though
(43:23 / All) valyoung: more like 3 >.>
(43:29 / All) mata.: More than most
(43:30 / All) valyoung: and none of em have any defense
(43:32 / All) EsV_LaV: ahh...lb
(44:00 / All) toady0s: sup buddy
(44:04 / All) EsV_LaV: wait
(44:06 / All) EsV_LaV: get exp
(44:36 / All) toady0s: oj i'm leaving you alone
(46:03 / All) mata.: yeahhh this corner is all me
(46:14 / All) toady0s: i need one of your expos
(46:17 / All) mata.: no deal
(46:27 / All) mata.: take one of teal's
(46:29 / All) mata.: he cant defend himself
(46:31 / All) toady0s: ...
(46:35 / All) mata.: or yellow i took out his army
(46:42 / All) valyoung: jeez
(46:48 / All) valyoung: feed me to the wolves why dont you
(46:55 / All) mata.: i know you can do it
(48:44 / All) toady0s: wtf u said u took out his army
(48:48 / All) mata.: yeah i lied
(48:52 / All) toady0s: lol
(48:54 / All) lifeofasalesman: nah he did
(48:59 / All) lifeofasalesman: but 4 boneyards is pretty useful
(49:02 / All) toady0s: epic fail
(49:17 / All) toady0s: thought i had a chance until i saw his hero
(49:28 / All) mata.: he only has 2 tho
(49:35 / All) mata.: that's why i win if it gets down to us 2
(49:36 / All) toady0s: 2 really big ones
(49:43 / All) mata.: yeah 3 heroes always beats 2 in the long run
(50:13 / All) mata.: bad idea lb
(50:21 / All) toady0s: i'm just watching
(50:39 / All) Micecream: yay I took out all of yellows frostys
(50:41 / All) mata.: keep his dk company
(50:50 / All) mata.: i was wondering what happened to those
(51:34 / All) valyoung: hai orange!
(51:37 / All) mata.: shhh
(51:37 / All) valyoung: lol
(51:44 / All) mata.: bein stealthy
(51:48 / All) valyoung: ahh okay
(52:03 / All) mata.: snuck up on yellow
(52:12 / All) toady0s: oj
(52:25 / All) toady0s: i need to kill 2 acolytes :/
(52:42 / All) toady0s: k?
(52:45 / All) toady0s: just 2
(53:26 / All) toady0s: i'll leave now
(55:20 / All) mata.: 4 boneyards, none of them glowing
(56:58 / All) toady0s: i need this one
(58:32 / All) toady0s: fag
(58:41 / All) Micecream: ur the one takin my base
(58:51 / All) mata.: has teal been fighting anyone lately?
(58:54 / All) toady0s: yeah cuz ur a fag
(59:09 / All) valyoung: im a peaceful spirit orange
(59:11 / All) toady0s: learn to swim
(60:17 / All) mata.: yeah whatever yellow i dont think you have the gold to rebuild :S
(61:07 / All) toady0s: that's dangerous brown
(61:56 / All) toady0s: nooo it's meeee
(62:09 / All) mata.: you broke the agreement not me
(62:17 / All) toady0s: i needed it
(62:39 / All) toady0s: lol i'm lvl6
(62:47 / All) toady0s: and i took down ur lvl10
(62:57 / All) toady0s: lol
(63:02 / All) toady0s: you bloooow
(63:10 / All) mata.: me??????
(63:16 / All) toady0s: no
(63:17 / All) toady0s: brown
(63:22 / All) mata.: game is over
(63:24 / All) mata.: yellow is dead
(63:26 / All) toady0s: and his douchiness
(63:26 / All) mata.: only teal left
(63:38 / All) toady0s: teal can pwn
(63:49 / All) mata.: havent even seen his heroes
(64:03 / All) valyoung: thats because yellow stunted their growth :(
(64:12 / All) toady0s: jk i haven't seen him at all
(64:14 / All) mata.: yellows growth has been stuned in turn
(64:17 / All) mata.: holy fuck
(64:19 / All) mata.: i cant believe my ghoul lost that
(64:26 / All) lifeofasalesman: yea the 3-3 owned!!
(64:27 / All) lifeofasalesman: :D
(64:32 / All) mata.: ahh mine's only 3-2
(64:36 / All) lifeofasalesman: lol!
(64:40 / All) toady0s: what did he lose?
(64:44 / All) mata.: ghoulfight
(64:53 / All) toady0s: hey shitbrown
(64:59 / All) toady0s: how'd you like that bm beatdown?
(65:05 / All) toady0s: was pretty sweet, eh?
(65:18 / All) toady0s: my level 6 bm took down his level 10 bm
(65:23 / All) toady0s: it was siiick
(65:25 / All) mata.: yeah i had coiled it and shit tho
(65:35 / All) toady0s: no he was at full health
(65:39 / All) toady0s: watch replay
(65:43 / All) lifeofasalesman: LOL
(65:46 / All) lifeofasalesman: that replay
(65:49 / All) lifeofasalesman: wouldnt be worth watching
(65:49 / All) toady0s: he didn't windwalk
(65:50 / All) lifeofasalesman: for that
(66:03 / All) toady0s: he got mad cuz he lost
(66:18 / All) lifeofasalesman: ur aco
(66:19 / All) lifeofasalesman: is 0-0
(66:25 / All) mata.: im gonna upgrade 3 armor and kill that fucking ghoul
(66:25 / All) toady0s: alright i'm done
(66:27 / All) toady0s: fuck it
(66:43 / All) mata.: teal
(66:45 / All) mata.: moment of truth
(66:50 / All) valyoung: ??
(66:54 / All) mata.: showdown time
(66:58 / All) valyoung: i told you im a peaceful spirit
(67:02 / All) valyoung: i abhor fighting
(67:06 / All) mata.: then you're a dead spirit
(67:13 / All) lifeofasalesman: lol
(67:14 / All) valyoung: meh thats kinda redundant
(67:17 / All) mata.: agreedo
(67:32 / All) valyoung: that doesnt mean i wont fight to defend myself though >.>
(67:39 / All) mata.: good luck
(67:55 / All) mata.: do it before i lose all my bases to yellow's 1 ghoul
(68:01 / All) lifeofasalesman: ROFL
(68:01 / All) lifeofasalesman: :D
(68:11 / All) lifeofasalesman: 2!!!!
(69:11 / All) mata.: yeah destros just dont pack enough punch
(69:12 / All) mata.: to hurt my heroes
(69:26 / All) valyoung: meh i never expected to win
(69:36 / All) mata.: aim higher next game
(69:49 / All) valyoung: meh ive had the smackdown put on me all game by yellow
(69:52 / All) valyoung: never really had a shot
(70:02 / All) mata.: you gotta be paid out the ass by now
(70:11 / All) valyoung: 10349 gold
(70:17 / All) valyoung: and nowhere to spend it
(70:31 / All) valyoung: cept building necropolises all over the map
(70:32 / All) valyoung: heheh
(70:37 / All) mata.: yeah gg tho
(70:39 / All) mata.: game's over
(70:43 / All) mata.: dont feel like finding farms
(70:47 / All) valyoung: heheh
(70:49 / All) valyoung: I WIN
(70:52 / All) valyoung: >.>
(71:21 / All) mata.: fine
(71:22 / All) mata.: herofite
(71:25 / All) lifeofasalesman: :(
(71:29 / All) mata.: i leave my wyrms outat it
(71:38 / All) lifeofasalesman: nuu
(71:41 / All) lifeofasalesman: waiyt
(71:42 / All) lifeofasalesman: gimme
(71:44 / All) lifeofasalesman: an aco
(71:45 / All) lifeofasalesman: lol
(71:45 / All) lifeofasalesman: :D
(71:52 / All) mata.: hurry up
(71:56 / All) mata.: this shit needs to be settled
(71:56 / All) lifeofasalesman: gimme an aco
(71:58 / All) lifeofasalesman: im like
(72:00 / All) lifeofasalesman: 6 exp away
(72:07 / All) mata.: fucks aske take the destro
(72:21 / All) lifeofasalesman: YEY
(72:30 / All) mata.: ok come out
(72:34 / All) lifeofasalesman: EWWW
(72:35 / All) lifeofasalesman: I DUN WANNA
(72:42 / All) lifeofasalesman: EEEK
(73:10 / All) lifeofasalesman: NUU
(73:22 / All) mata.: you give me no choice but to put the Hurt on you
(73:30 / All) lifeofasalesman: I REFUSE
(73:46 / All) mata.: i will get 10 10 10 i guess
(73:50 / All) valyoung: thx for the help yellow
(73:54 / All) valyoung: NOO
(73:54 / All) lifeofasalesman: NOPE
(73:55 / All) lifeofasalesman: U DIE
(73:57 / All) lifeofasalesman: :D
(73:57 / All) valyoung: AHHHH
(75:05 / All) lifeofasalesman: meh
(75:11 / All) lifeofasalesman: in real games i go dr 3rd
(75:16 / All) lifeofasalesman: no tavern so i said fuck it
(75:16 / All) mata.: this was fake game?
(75:17 / All) lifeofasalesman: -.-
(75:22 / All) mata.: Ah
(75:24 / All) lifeofasalesman: with taverns
(75:24 / All) lifeofasalesman: lol
(75:30 / All) lifeofasalesman: ....
(75:32 / All) valyoung: pwn thta ghoul
(75:53 / All) valyoung: pwnt
(76:01 / All) lifeofasalesman: :(
(76:04 / All) lifeofasalesman: WDF
(76:06 / All) valyoung: NO ESCAPE!!
(76:37 / All) lifeofasalesman: R
(76:37 / All) lifeofasalesman: O
(76:38 / All) lifeofasalesman: F
(76:38 / All) lifeofasalesman: L
(76:44 / All) lifeofasalesman: aco attack
(76:56 / All) lifeofasalesman: watch the splash damage orange god u hit my shade
(77:00 / All) lifeofasalesman: -.-
(78:01 / All) valyoung: the necropolises shall not fall!!!
(78:10 / All) lifeofasalesman: WDF
(78:12 / All) lifeofasalesman: BAD WYRM
(78:13 / All) lifeofasalesman: BAD
(79:01 / All) lifeofasalesman: i feel like watching 300
(79:15 / All) mata.: this is nothing like that movie
(79:20 / All) lifeofasalesman: i know
(79:21 / All) lifeofasalesman: :D
(79:48 / All) lifeofasalesman: any relation to matta?
(79:54 / All) valyoung: i thought you said you didnt feel like playing hunt the farms...
(79:55 / All) mata.: the brazilian player, no
(80:04 / All) mata.: i didnt but i got time to kill
(80:17 / All) valyoung: heh
(80:17 / All) lifeofasalesman: why are ud wagons
(80:21 / All) lifeofasalesman: unable to get defense
(80:24 / All) lifeofasalesman: upgrades
(80:27 / All) lifeofasalesman: NO
(80:28 / All) mata.: no siege can
(80:29 / All) lifeofasalesman: STOPPPP
(80:32 / All) lifeofasalesman: yea
(80:35 / All) lifeofasalesman: mortars
(80:36 / All) lifeofasalesman: NE
(80:43 / All) mata.: i didnt know you could upgrade ne
(81:02 / All) valyoung: pwnt
(81:05 / All) valyoung: nub
(81:49 / All) mata.: your odds starting to look slim & grim
(81:55 / All) valyoung: for whom?
(81:58 / All) lifeofasalesman: i dont like that rhyme
(82:23 / All) mata.: dk is a heavy sleeper
(82:41 / All) lifeofasalesman: NO
(82:42 / All) lifeofasalesman: HERO
(82:42 / All) lifeofasalesman: NO
(82:43 / All) lifeofasalesman: GA
(82:43 / All) lifeofasalesman: GA
(82:44 / All) lifeofasalesman: A
(82:44 / All) lifeofasalesman: ERA
(82:44 / All) lifeofasalesman: R
(82:45 / All) lifeofasalesman: A
(82:45 / All) lifeofasalesman: GR
(82:46 / All) lifeofasalesman: R
(82:46 / All) lifeofasalesman: E
(82:54 / All) mata.: dk sleeping forever
(82:58 / All) valyoung: meh i guess he just wasnt pro like us
(83:52 / All) valyoung: ahh crap
(84:18 / All) valyoung: its fine
(84:23 / All) valyoung: not like i needed that mine anyway
(84:31 / All) valyoung: i got 60k gold to spare
(84:39 / All) mata.: i dont think you have 60k gold
(84:55 / All) valyoung: i totally do
(85:00 / All) valyoung: ive got mines like everywhere
(85:14 / All) valyoung: you should just give up
(85:21 / All) valyoung: theres no way you can beat me
(85:30 / All) valyoung: im just too pro
(87:04 / All) mata.: yellow's dk still around
(87:07 / All) mata.: not too talkative these days tho
(87:11 / All) valyoung: meh i havent seen him
(87:16 / All) mata.: over by bottom right
(87:18 / All) valyoung: yellows dead though
(87:21 / All) valyoung: you killed him
(87:25 / All) valyoung: murderer
(87:49 / All) valyoung: take that
(89:48 / All) valyoung: your going about it all wrong dude
(89:52 / All) valyoung: you will never beat me like that
(91:07 / All) valyoung: you have no hope of winning